Map: 포트 알렉산더 - 래더

Players

Serral

  • Race: Zerg Zerg

INnoVation - Winner!

  • Race: Terran Terran

Event: WESG 2018 Grand Finals

VOD

Have the link to the VOD?

Description

Time

  • Played on: March 17, 2019, 5:34 a.m.
  • Length: 16:38

All games in this series

Show
View Real Time Build Order
Export as new Build Order

Serral Zerg 

Build Orders: Hatch First 

Get SALT Encoding   

  12  0:00  Drone  
  13  0:12  Overlord  
  13  0:18  Drone  
  14  0:31  Drone  
  14  0:32  Drone  
  16  0:38  Drone  
  17  0:54  Hatchery  
  17  0:56  Drone  
  17  0:59  Drone  
  18  1:10  Extractor  
  17  1:14  Spawning Pool  
  17  1:18  Drone  
  17  1:21  Drone  
  18  1:28  Drone  
  19  1:39  Drone  
  20  1:49  Overlord  
  20  2:05  Queen  
  20  2:06  Queen, Zergling x4  
  26  2:12  Metabolic Boost, Drone  
  27  2:17  Drone  
  27  2:22  Drone  
  29  2:27  Drone  
  30  2:38  Overlord  
  30  2:40  Drone  
  32  2:44  Queen  
  32  2:46  Drone  
  33  2:52  Drone  
  33  2:56  Overlord  
  34  3:00  Drone  
  36  3:05  Drone  
  36  3:10  Drone  
  37  3:16  Drone x2  
  37  3:17  Drone  
  37  3:19  Hatchery  
  39  3:20  Queen  
  39  3:26  Zergling x2  
  42  3:30  Zergling x2  
  42  3:32  Overlord  
  43  3:37  Zergling x2  
  44  3:44  Overlord  
  44  3:45  Overlord  
  44  3:50  Evolution Chamber  
  44  3:51  Drone x3  
  44  3:52  Drone  
  47  3:55  Queen  
  47  3:57  Drone x2  
  47  3:59  Drone  
  51  4:05  Drone x2  
  53  4:14  Zergling x2  
  53  4:16  Drone  
  55  4:17  Zerg Ground Armor Level 1  
  55  4:27  Spore Crawler  
  55  4:28  Drone  
  55  4:30  Spore Crawler  
  54  4:31  Queen  
  54  4:32  Spore Crawler  
  54  4:34  Drone  
  54  4:36  Drone x5  
  61  4:39  Drone  
  61  4:43  Lair  
  62  4:46  Extractor x2  
  62  4:48  Drone x2  
  62  4:51  Drone  
  62  4:52  Drone  
  64  4:57  Spore Crawler, Drone  
  62  5:03  Baneling Nest, Drone x2  
  62  5:05  Drone x2  
  64  5:11  Zergling x8  
  67  5:16  Overlord  
  67  5:18  Zergling x4  
  69  5:22  Overlord  
  69  5:23  Zergling x2  
  70  5:32  Drone  
  70  5:33  Evolution Chamber  
  70  5:34  Zergling x6  
  70  5:35  Zergling x6  
  75  5:40  Overseer  
  75  5:42  Zergling x8  
  80  5:45  Queen  
  80  5:49  Queen  
  84  5:52  Queen  
  84  5:56  Centrifical Hooks  
  86  6:01  Overlord  
  85  6:09  Overlord  
  85  6:11  Zergling x6  
  85  6:12  Zergling x2, Drone  
  85  6:14  Overlord, Extractor  
  87  6:19  Overlord  
  87  6:20  Drone x5  
  87  6:29  Zergling x10  
  92  6:39  Zerg Ground Armor Level 2, Zergling x6  
  86  6:49  Zergling x6  
  82  6:58  Queen x3  
  82  6:59  Drone x5  
  93  7:01  Drone x2  
  93  7:02  Zergling x2  
  94  7:08  Drone x2  
  94  7:09  Drone  
  94  7:10  Zergling x6  
  94  7:14  Evolution Chamber  
  99  7:17  Baneling x4  
  99  7:18  Baneling x4  
  99  7:20  Zergling x4  
  100  7:29  Hydralisk Den  
  99  7:32  Zergling x4  
  101  7:38  Hatchery  
  101  7:40  Overlord  
  101  7:41  Zergling x10  
  104  7:47  Zergling x2  
  101  7:53  Drone x2  
  101  7:58  Drone, Extractor  
  100  7:59  Zerg Melee Weapons Level 1  
  100  8:00  Muscular Augments  
  100  8:05  Drone x2  
  100  8:06  Drone  
  100  8:08  Zergling x12  
  108  8:16  Zergling x8  
  112  8:22  Zergling x2  
  112  8:24  Zergling x2  
  112  8:37  Hydralisk x4  
  120  8:43  Hydralisk x3  
  120  8:45  Overlord x2  
  120  8:47  Hatchery  
  124  8:54  Hydralisk x3  
  130  9:01  Infestation Pit  
  126  9:03  Drone x3  
  126  9:04  Extractor  
  126  9:05  Overlord x2  
  126  9:06  Hydralisk x2  
  132  9:11  Grooved Spines  
  130  9:17  Zergling x6  
  130  9:18  Zergling x14  
  138  9:30  Hydralisk x2  
  138  9:31  Zergling x2  
  141  9:37  Zergling x4  
  141  9:40  Zerg Missile Weapons Level 1, Hive  
  141  9:44  Drone  
  141  9:45  Drone x2  
  144  9:51  Drone  
  145  9:55  Baneling x4  
  145  9:56  Baneling x2  
  145  9:59  Hydralisk x2  
  143  10:00  Zergling x18, Hydralisk  
  156  10:15  Drone x5  
  156  10:16  Queen  
  162  10:25  Zerg Melee Weapons Level 2  
  162  10:27  Overlord x2  
  161  10:29  Drone  
  161  10:31  Spire  
  161  10:40  Zergling x14  
  168  10:48  Overlord x2  
  168  10:54  Viper x4  
  168  10:56  Adrenal Glands  
  180  11:02  Hatchery  
  178  11:08  Zergling x14  
  178  11:11  Zergling x8  
  181  11:19  Baneling x8  
  181  11:21  Zergling x6  
  181  11:22  Zergling x6  
  182  11:33  Zergling x24  
  182  11:34  Zerg Ground Armor Level 3  
  194  11:44  Hydralisk x2  
  194  11:45  Hydralisk  
  200  11:47  Greater Spire  
  200  12:00  Hatchery  
  190  12:07  Zergling x22  
  196  12:15  Baneling  
  196  12:16  Baneling x20  
  196  12:20  Zergling x6  
  182  12:31  Zergling x26  
  173  12:37  Baneling x9  
  173  12:41  Zerg Missile Weapons Level 2  
  175  12:44  Zergling x16  
  175  12:46  Overlord  
  172  13:05  Zergling x18  
  172  13:09  Baneling x22  
  180  13:15  Zergling x6  
  184  13:20  Zergling x16  
  184  13:28  Zergling x16  
  187  13:39  Zergling x12  
  161  13:45  Zergling x6  
  152  13:52  Zergling x6  
  152  13:53  Zergling x18  
  159  13:56  Zergling x4  
  159  14:01  Baneling  
  159  14:02  Baneling x4, Hydralisk x3  
  158  14:13  Zergling x10  
  158  14:14  Baneling x5  
  156  14:22  Zergling x2  
  156  14:23  Zergling x8  
  142  14:28  Zergling x4  
  127  14:35  Corruptor x2  
  127  14:36  Corruptor  
  133  14:41  Corruptor  
  133  14:45  Corruptor x2  
  135  14:50  Hatchery  
  135  14:51  Baneling x5  
  135  14:52  Baneling x2  
  136  15:04  Zergling x8  
  136  15:05  Zergling x4  
  136  15:06  Brood Lord  
  141  15:08  Brood Lord x2  
  140  15:19  Zergling x2  
  140  15:20  Zergling x16  
  140  15:21  Brood Lord  
  142  15:24  Brood Lord  
  142  15:27  Brood Lord  
  146  15:28  Extractor  
  146  15:29  Baneling x3  
  146  15:30  Baneling x2  
  146  15:34  Viper  
  147  15:36  Spore Crawler  
  147  15:38  Viper  
  146  15:43  Drone x2  
  146  15:44  Drone, Extractor  
  146  15:45  Zergling x8  
  146  15:47  Baneling  
  146  15:48  Baneling x3  
  147  15:59  Zergling x2  
  147  16:00  Zergling x14  
  149  16:11  Zergling x18  
  142  16:19  Zergling x6  
Show
View Real Time Build Order
Export as new Build Order

INnoVation Terran - Winner!

Build Orders: Gas First Reaper Expand, Banshee Rush 

Get SALT Encoding   

  12  0:00  SCV  
  13  0:12  SCV  
  14  0:17  Supply Depot  
  14  0:24  SCV  
  15  0:29  Refinery  
  15  0:39  SCV  
  16  0:45  Barracks  
  16  0:51  SCV  
  17  1:03  SCV  
  18  1:15  SCV  
  19  1:32  Reaper, Orbital Command  
  20  1:44  Command Center  
  20  1:56  Factory  
  20  1:59  SCV  
  21  2:06  Barracks Reactor  
  21  2:12  SCV  
  22  2:16  Supply Depot  
  22  2:18  Refinery  
  22  2:24  SCV  
  23  2:38  SCV  
  23  2:44  Starport, Marine  
  24  2:45  Marine  
  24  2:49  Factory Tech Lab  
  24  2:50  SCV  
  27  2:56  Orbital Command  
  27  3:02  Marine, SCV  
  27  3:03  Marine  
  30  3:14  SCV  
  31  3:22  SCV  
  31  3:26  Banshee, Cloaking Field, SCV  
  36  3:30  Marine x2  
  36  3:31  Factory Tech Lab  
  38  3:35  SCV  
  38  3:38  SCV  
  39  3:42  Supply Depot  
  39  3:47  SCV  
  39  3:48  Marine x2  
  42  3:50  SCV  
  42  3:52  Siege Tank  
  46  4:01  Supply Depot, SCV  
  46  4:08  Marine x2, SCV  
  49  4:11  Banshee  
  49  4:14  SCV  
  53  4:20  SCV  
  54  4:26  Marine x2  
  54  4:28  SCV  
  54  4:30  Supply Depot  
  57  4:32  SCV  
  57  4:34  Siege Tank  
  61  4:40  SCV  
  62  4:51  Marine x2, SCV  
  65  4:52  Command Center  
  65  4:54  SCV  
  65  4:55  Banshee  
  69  5:03  SCV, Supply Depot  
  70  5:16  Factory Reactor  
  70  5:20  Barracks  
  70  5:22  Engineering Bay  
  70  5:23  Barracks, Engineering Bay, Refinery, Supply Depot  
  70  5:24  SCV x2  
  70  5:26  Stimpack  
  72  5:30  Refinery  
  72  5:35  Marine  
  72  5:37  SCV x2  
  75  5:45  Starport Reactor, Supply Depot  
  75  5:49  SCV x2  
  77  5:53  Marine  
  77  5:55  Terran Infantry Weapons Level 1  
  78  6:01  SCV x2  
  78  6:02  Terran Infantry Armor Level 1  
  80  6:05  Orbital Command  
  80  6:11  Marine x3  
  81  6:13  SCV x2  
  85  6:19  Marine x2  
  85  6:22  Siege Tank  
  85  6:25  SCV x2  
  89  6:29  Marine x3, Supply Depot x2  
  89  6:30  Medivac  
  89  6:32  Medivac  
  96  6:38  Marine x2  
  98  6:43  SCV  
  98  6:44  SCV  
  98  6:46  Marine x3  
  100  6:54  Orbital Command  
  100  6:56  Marine x2  
  100  6:58  Siege Tank  
  100  7:00  SCV x2  
  104  7:04  Marine x3  
  107  7:12  Barracks  
  107  7:13  Barracks  
  107  7:16  Armory  
  107  7:19  SCV x2  
  107  7:21  SCV  
  110  7:23  Marine x3  
  113  7:30  Siege Tank  
  113  7:33  Refinery  
  113  7:36  Supply Depot  
  116  7:38  Supply Depot  
  116  7:40  SCV x3  
  116  7:43  Marine x3  
  117  7:55  Marine  
  117  7:56  Marine  
  117  7:58  SCV x3  
  115  8:00  Refinery  
  115  8:01  Barracks Reactor x2, Marine x2  
  115  8:03  Siege Tank  
  119  8:06  Supply Depot  
  119  8:10  Terran Infantry Weapons Level 2  
  119  8:11  Terran Infantry Armor Level 2  
  119  8:23  SCV x3  
  119  8:26  Marine x5  
  127  8:33  Terran Vehicle Weapons Level 1, Supply Depot x2  
  127  8:35  Siege Tank  
  127  8:38  Factory  
  127  8:40  Medivac  
  127  8:41  Medivac  
  134  8:43  Marine x2  
  134  8:44  Marine x2  
  134  8:47  Marine x2  
  140  8:57  Supply Depot  
  134  9:04  Combat Shield  
  134  9:05  Marine x3  
  134  9:06  Command Center  
  134  9:09  Siege Tank  
  140  9:14  Medivac x2  
  139  9:19  Marine x4  
  142  9:24  Factory Tech Lab  
  142  9:26  Marine x5  
  147  9:37  Marine  
  147  9:38  Marine x3  
  150  9:42  Siege Tank  
  150  9:43  Marine, Siege Tank  
  150  9:44  Marine x4  
  161  9:50  Supply Depot  
  161  9:54  Medivac x2, Supply Depot  
  161  9:56  Supply Depot  
  165  10:04  Barracks  
  165  10:05  Barracks  
  165  10:06  Marine x7  
  169  10:07  Barracks  
  169  10:09  SCV x3  
  172  10:16  Siege Tank x2  
  177  10:33  Terran Infantry Weapons Level 3, Terran Infantry Armor Level 3  
  177  10:35  Terran Vehicle Weapons Level 2  
  177  10:36  Marine x4  
  177  10:37  Marine x5  
  186  10:47  Planetary Fortress  
  186  10:48  SCV x2, Siege Tank  
  186  10:49  SCV  
  191  10:53  Barracks Tech Lab  
  191  10:54  Marine x5, Barracks Tech Lab x2  
  196  10:59  Marauder, Marine x2  
  196  11:02  Refinery  
  196  11:03  Refinery  
  190  11:12  Medivac x2  
  190  11:13  Marauder x3  
  190  11:14  Concussive Shells  
  192  11:26  Siege Tank  
  192  11:29  Marine  
  192  11:30  Marauder  
  192  11:32  Marine  
  198  11:34  Marauder  
  198  11:36  Command Center  
  200  11:44  Starport  
  200  11:47  Starport  
  200  11:48  Fusion Core  
  200  11:59  Marauder, Marine x2  
  200  12:00  Siege Tank x2  
  192  12:20  Marauder x3  
  192  12:21  Marauder  
  197  12:29  Marine x6  
  186  12:30  Marine x2  
  186  12:31  Medivac x2  
  186  12:32  Siege Tank x2  
  186  12:37  Starport Reactor, Starport Tech Lab  
  182  12:41  Marine  
  182  12:42  Marauder x3  
  188  12:47  Marine x3  
  188  12:48  Marine x5  
  196  12:54  Terran Vehicle Weapons Level 3  
  193  13:00  Marauder  
  193  13:03  Marauder x2  
  193  13:05  Siege Tank x2  
  198  13:08  SCV x2  
  200  13:18  Fusion Core  
  200  13:23  Liberator x2  
  198  13:29  Marauder, Marine  
  200  13:41  Medivac x3  
  173  13:42  Marine, Siege Tank  
  172  13:50  Marauder x2  
  172  13:51  Marauder  
  172  13:55  Marine x3  
  176  14:01  Siege Tank  
  181  14:03  Marauder, Marine x4  
  182  14:12  Marauder x2  
  182  14:14  Medivac x2, Siege Tank  
  182  14:16  Marine  
  182  14:17  Marauder, Marine x3  
  173  14:24  Marauder  
  173  14:28  SCV x3  
  161  14:33  Marauder, Siege Tank  
  161  14:34  Liberator  
  161  14:36  Marauder, Marine x3  
  161  14:38  Marauder  
  173  14:46  Siege Tank  
  173  14:51  Medivac x2  
  183  15:00  Marauder, Marine x4  
  183  15:01  Marauder, Marine x4  
  183  15:05  Siege Tank  
  198  15:08  Marauder  
  186  15:30  Siege Tank  
  186  15:33  Marauder x2, Marine x3  
  195  15:37  Siege Tank  
  195  15:38  Viking  
  195  15:39  Viking x2  
  195  15:43  Viking  
  192  16:01  Marine x9  
  192  16:02  Viking  
Tags
 
Add a new tag
Caveats
  • Supply blocks, unpowered buildings, or Contaminate may cause inaccurate times.
  • Supply counts are checked every 10 seconds.